 Dungeon Crawl Stone Soup version 0.27-a0-1189-gb8eb6cee8e (webtiles) character file.

Game seed: 1879904984283897937

546468 EldarEldrad the Impregnable (level 25, -6/235 HPs)
             Began as a Minotaur Berserker on May 21, 2021.
             Was the Champion of Trog.
             Mangled by an Ice Fiend (24 damage)
             ... summoned by a deep elf demonologist
             ... on level 3 of the Elven Halls on May 23, 2021.
             The game lasted 04:47:14 (52859 turns).

EldarEldrad the Impregnable (Minotaur Berserker)   Turns: 52859, Time: 04:47:14

Health: -6/235     AC: 38    Str: 28    XL:     25   Next: 42%
Magic:  22/22      EV: 23    Int: 10    God:    Trog [******]
Gold:   2426       SH: 22    Dex: 22    Spells: 24/24 levels left

rFire    + + +     SeeInvis .   a - +2 broad axe of Moderation {vorpal, rElec rF+ Str+2}
rCold    . . .     Faith    .   m - +2 kite shield {rC+ rF+}
rNeg     . . .     Spirit   .   W - +4 plate armour {Will+}
rPois    .         Reflect  +   (helmet unavailable)
rElec    +         Harm     .   t - +1 cloak "Niro" {Regen+ rCorr Dex-4 Slay+4}
rCorr    +         Rampage  .   u - +0 pair of gloves
Will     ++++.                  k - +2 pair of boots
Stlth    ..........             R - amulet of reflection
HPRegen  1.49/turn              f - ring "Ydaill" {+Blink rF+ Will+ AC+4 Str-2}
MPRegen  0.18/turn              e - ring "Coshyaso" {rC- Will+ Int+6 Dex+8}

@: lethally poisoned (-6 -> -6), about to teleport
A: horns 3, retaliatory headbutt, agile 1, no potion heal 1
}: 2/15 runes: barnacled, gossamer
a: Renounce Religion, Evoke Blink, Berserk, Trog's Hand, Brothers in Arms


You were on level 3 of the Elven Halls.
You worshipped Trog.
Trog was exalted by your worship.
You visited 9 branches of the dungeon, and saw 44 of its levels.
You visited the Abyss 1 time.
You also visited: Bailey and Wizlab.

You collected 8776 gold pieces.
You spent 6350 gold pieces at shops.

Inventory:

Hand Weapons
 a - the +2 broad axe of Moderation (weapon) {vorpal, rElec rF+ Str+2}
   (Trog gifted it to you on level 1 of the Lair of Beasts)

   It inflicts extra damage upon your enemies.
   It affects your strength (+2).
   It protects you from fire.
   It insulates you from electricity.
 b - a +3 war axe of flaming
Armour
 k - a +2 pair of boots (worn)
 m - a +2 kite shield of resistance (worn)
 t - the +1 cloak "Niro" (worn) {Regen+ rCorr Dex-4 Slay+4}
   (You found it on level 1 of the Lair of Beasts)

   It affects your dexterity (-4).
   It affects your accuracy and damage with ranged weapons and melee attacks
   (+4).
   It increases your rate of health regeneration.
   It protects you from acid and corrosion.
 u - a +0 pair of gloves (worn)
 W - a +4 plate armour of willpower (worn)
 Y - the +10 plate armour of a ziggurat {Regen+ rCorr}
   (You took it off a merfolk impaler on level 3 of the Elven Halls)

   It increases your rate of health regeneration.
   It protects you from acid and corrosion.
Jewellery
 e - the ring "Coshyaso" (right hand) {rC- Will+ Int+6 Dex+8}
   (You acquired it on level 10 of the Dungeon)

   [ring of intelligence]

   It affects your intelligence (+6).
   It affects your dexterity (+8).
   It makes you vulnerable to cold.
   It increases your willpower.
 f - the ring "Ydaill" (left hand) {+Blink rF+ Will+ AC+4 Str-2}
   (You found it on level 4 of the Spider Nest)

   [ring of protection]

   It affects your AC (+4).
   It affects your strength (-2).
   It protects you from fire.
   It lets you blink.
   It increases your willpower.
 o - a ring of protection from fire
 J - a ring of positive energy
 M - a ring of flight
 N - the amulet "Ruaggoigugg" {Spirit Int+3}
   (You took it off a tengu reaver on level 4 of the Depths)

   [amulet of guardian spirit]

   It causes incoming damage to be divided between your reserves of health and
   magic.
   It affects your intelligence (+3).
 R - an amulet of reflection (around neck)
 S - a ring of poison resistance
 X - the ring "Hoomoek" {rCorr Str+9 Int-3 Dex+6 Slay+3}
   (You found it on level 1 of the Spider Nest)

   [ring of dexterity]

   It affects your strength (+9).
   It affects your intelligence (-3).
   It affects your dexterity (+6).
   It affects your accuracy and damage with ranged weapons and melee attacks
   (+3).
   It protects you from acid and corrosion.
 Z - the ring "Moabi" {rC+ AC+4 Str-5 Dex+4}
   (You found it on level 1 of the Spider Nest)

   [ring of protection]

   It affects your AC (+4).
   It affects your strength (-5).
   It affects your dexterity (+4).
   It protects you from cold.
Wands
 r - a wand of acid (16)
 s - a wand of digging (13)
 x - a wand of iceblast (78)
 y - a wand of mindburst (41) (quivered)
 z - a wand of polymorph (23)
 F - a wand of flame (97)
 G - a wand of paralysis (48)
 K - a wand of charming (9)
Scrolls
 d - 7 scrolls of fear
 l - 7 scrolls of enchant armour
 n - 3 scrolls of summoning
 q - 26 scrolls of teleportation
 v - 6 scrolls of silence
 A - 11 scrolls of magic mapping
 C - 2 scrolls of blinking
 D - 9 scrolls of enchant weapon
 E - 8 scrolls of fog
 L - 3 scrolls of brand weapon
 O - a scroll of acquirement
 T - 3 scrolls of holy word
Potions
 c - 18 potions of curing
 g - 13 potions of might
 h - 3 potions of resistance
 i - 17 potions of heal wounds
 j - 5 potions of lignification
 p - 15 potions of attraction
 w - 5 potions of cancellation
 B - 4 potions of berserk rage
 H - 3 potions of haste
 I - 3 potions of magic
 P - 3 potions of invisibility
 Q - 9 potions of flight
 U - 5 potions of ambrosia
 V - 3 potions of mutation


   Skills:
 * Level 21.3 Fighting
 - Level 20.5 Axes
 - Level 5.0 Throwing
 - Level 24.0 Armour
 + Level 21.9 Dodging
 - Level 15.0 Shields
 - Level 15.0 Evocations


You had 24 spell levels left.
You didn't know any spells.
Your spell library was empty.

Dungeon Overview and Level Annotations

Branches:
Dungeon (15/15)            Temple (1/1) D:4            Lair (6/6) D:10
 Shoals (4/4) Lair:3       Spider (4/4) Lair:2        Slime (0/5) Lair:6
    Orc (2/2) D:10            Elf (3/3) Orc:2        Vaults (4/5) D:13
  Crypt (0/3) Vaults:2     Depths (5/5) D:15            Zot (0/5) Depths:5
 Bailey (visited)          WizLab (visited)

Altars:
Ashenzari
Cheibriados
Dithmenos
Elyvilon
Fedhas
Gozag
Hepliaklqana
Kikubaaqudgha
Makhleb
Nemelex Xobeh
Okawaru
Qazlal
Ru
Sif Muna
Trog
Uskayaw
Vehumet
Wu Jian
Xom
Yredelemnul
Zin
The Shining One
Beogh

Shops:
D:8 !   D:13 *   Orc:1 [   Orc:2 !=[*(:?   Elf:1 !   Elf:2 *   Shoals:3 [*((
Vaults:1 *   Vaults:3 :

Portals:
Hell: Depths:1 Depths:2 Depths:3 Depths:4 Depths:5
Abyss: Depths:4
Pandemonium: Depths:3 Depths:4
Ziggurat: Depths:2


Innate Abilities, Weirdness & Mutations

You have a pair of large horns on your head.
You reflexively headbutt those who attack you in melee.
You are agile. (Dex +2)
Potions are less effective at restoring your health.


Message History

You hit the Ice Fiend. You block the Ice Fiend's attack.
The Ice Fiend claws you. The Ice Fiend freezes you!!
You slash the deep elf demonologist! You headbutt the deep elf demonologist.
The deep elf demonologist is almost dead.
You completely miss the Ice Fiend. You hit the Brimstone Fiend.
The deep elf demonologist hits you but does no damage.
You are poisoned.
You block the Ice Fiend's attack. x2
The Brimstone Fiend calls on the powers of darkness!
The deep elf high priest convulses!
Your body is wracked with pain!
* * * LOW HITPOINT WARNING * * *
The hellwing swoops through the air toward you!
You block the hellwing's attack. The hellwing misses you.
As you read the scroll of teleportation, it crumbles to dust.
You feel strangely unstable.
You feel very sick.
You block the deep elf demonologist's attack.
The Ice Fiend misses you. You furiously retaliate!
You headbutt the Ice Fiend!! You block the Ice Fiend's attack.
The Brimstone Fiend completely misses you.
The Brimstone Fiend misses you.
The Brimstone Fiend hits you but does no damage.
The hellwing barely misses you. You furiously retaliate!
You headbutt the hellwing. The hellwing barely misses you.
You feel sick.
The deep elf high priest calls down the wrath of its god upon you.
Something smites you!
* * * LOW HITPOINT WARNING * * *
You block the deep elf demonologist's attack.
Your system partially rejects the healing.
You feel much better.
You feel sick.
The deep elf high priest mumbles some strange prayers to its god against you.
Something smites you!
* * * LOW HITPOINT WARNING * * *
You block the deep elf demonologist's attack.
You block the hellwing's attack. The hellwing misses you.
The Ice Fiend completely misses you. The Ice Fiend claws you!
* * * LOW HITPOINT WARNING * * *
The Ice Fiend freezes you!!
You die...

#...#. #'###. #/))
(....# #...#.
#|..). .).|:#
#...#.
#)$........)#
#...#. #.}..⌠..).#
#...#. ##.... ..#
#...+. ##...###13#
#'###.
##.....@e1.##
#...#.
##......41.e.#
#...#.
##.......)##.....#
#...'.
##......)### .^...
#...#. #...#...##
.#.. #...#.
#⌠..#..}# |. # .
#...#. #...#..##
#...#. #...#.
##....)## ##......
#...#.
##.....##).......
#...#.


You could see a Brimstone Fiend (summoned), an Ice Fiend (summoned), an
Executioner (summoned), a soul eater (summoned), a deep elf demonologist, a deep
elf high priest and a hellwing (summoned).

Vanquished Creatures
  Mara (Shoals:3)
  2 juggernauts (Depths:5)
  Bai Suzhen (Depths:1)
  A caustic shrike (Depths:4)
  A golden dragon (Depths:5)
  Arachne (Spider:4)
  the Enchantress (Depths:3)
  Rupert (D:13)
  A tentacled monstrosity (Depths:4)
  3 liches
  2 deep elf blademasters (Elf:3)
  3 deep elf master archers (Elf:3)
  A titan (Depths:4)
  Polyphemus (Shoals:3)
  Frances (Elf:1)
  4 sphinxes
  Agnes (Elf:1)
  4 tengu reavers
  Roxanne (Spider:4)
  2 tentacled starspawn (Abyss:2)
  2 storm dragons
  2 krakens
  Donald (Spider:3)
  5 shadow dragons
  6 fire giants
  Ilsuiw (Shoals:3)
  An azure jelly (shapeshifter) (Depths:4)
  A draconian knight (Depths:5)
  3 frost giants
  Aizul (Shoals:4)
  4 iron dragons
  A draconian shifter (Depths:5)
  10 emperor scorpions
  3 orc warlords
  Louise (Elf:1)
  2 deep elf sorcerers
  3 ghost moths
  A draconian scorcher (Depths:5)
  A caustic shrike zombie (Depths:4)
  4 deep elf elementalists (Elf:3)
  An angel (Depths:2)
  A juggernaut zombie (Depths:3)
  8 vault wardens
  5 spriggan defenders
  2 draconian annihilators (Depths:3)
  A draconian stormcaller (Abyss:2)
  2 caustic shrike skeletons
  19 very ugly things
  9 ironbound preservers
  4 war gargoyles
  17 stone giants
  A juggernaut skeleton (Depths:4)
  12 deep elf demonologists
  The ghost of Tijoc the Blinker, a journeyman FeWn of Dithmenos (Elf:3)
  A black draconian (Depths:5)
  13 deep elf annihilators
  4 dire elephants
  10 purple draconians
  2 spark wasps
  2 yellow draconians (Depths:5)
  6 entropy weavers
  A red draconian (Depths:5)
  8 merfolk javelineers
  Snorg (D:13)
  2 crystal guardians
  5 deep elf death magi (Elf:3)
  17 statues
  A blizzard demon (Depths:3)
  6 ettins
  10 merfolk impalers
  7 fire dragons
  The ghost of Toipt the Bludgeoner, a journeyman PaBe of Trog (Lair:1)
  6 deep elf high priests
  9 great orbs of eyes
  8 yaktaur captains
  7 vault guards
  3 naga warriors
  The ghost of Bapho the Slicer, a journeyman KoBe of Trog (D:12)
  4 ironbound thunderhulks
  5 rakshasas
  6 boulder beetles
  19 ice dragons
  A hell beast (Depths:2)
  7 ironbound frosthearts
  A salamander tyrant (Depths:5)
  10 hydras
  4 peacekeepers
  13 centaur warriors
  3 alligator snapping turtles (Shoals:4)
  7 spriggan air magi
  7 merfolk aquamancers
  6 catoblepae
  A merfolk avatar (Shoals:3)
  2 two-headed ogres
  27 dancing weapons
  7 deep troll shamans
  6 ironbound beastmasters
  A hell hog (Depths:2)
  9 death yaks
  3 large abominations (Abyss:2)
  7 tengu warriors
  3 deep troll earth magi
  A titan zombie (Depths:4)
  5 hell knights (Depths:2)
  3 orc high priests (Orc:2)
  6 spriggan berserkers
  2 thrashing horrors (Abyss:2)
  A soul eater (Depths:2)
  15 deep elf knights
  Nergalle (D:11)
  Sonja (Lair:6)
  4 iron trolls
  A storm dragon skeleton (Depths:2)
  A wretched star (Abyss:2)
  A sixfirhy (Depths:3)
  5 skeletal warriors (D:15)
  7 sea snakes
  4 glowing orange brains
  A quicksilver dragon simulacrum (Depths:2)
  A flayed ghost (Depths:2)
  11 wizards
  8 lindwurms
  39 deep trolls
  A spark wasp zombie (Depths:4)
  A swamp dragon (shapeshifter) (Depths:4)
  9 deep elf archers
  5 harpies
  21 ironbound convokers
  A lindwurm (shapeshifter) (Depths:2)
  16 deep elf zephyrmancers
  4 necromancers
  29 deep elf pyromancers
  8 orc sorcerers
  37 wolf spiders
  A frost giant zombie (Depths:4)
  8 orb spiders
  9 orc knights
  An oklob plant (Orc:2)
  2 fauns (Shoals:1)
  70 ugly things
  A salamander (shapeshifter) (D:13)
  2 moths of wrath (Spider:4)
  3 salamanders (Depths:5)
  2 worldbinders (Vaults:4)
  11 manticores
  3 cyclopes
  6 elephants (Lair:6)
  A rust devil (Depths:3)
  A smoke demon (Depths:3)
  6 black mambas
  A guardian serpent (Abyss:2)
  3 torpor snails
  15 vault sentinels
  6 water nymphs
  9 merfolk sirens
  16 cane toads
  4 gargoyles
  28 yaktaurs
  2 freezing wraiths
  2 kobold demonologists
  10 rime drakes
  27 tengu conjurers
  6 komodo dragons
  14 demonic crawlers
  An ancient zyme (Abyss:2)
  3 red devils (Depths:3)
  A jumping spider (shapeshifter) (Elf:1)
  37 merfolk
  2 meliai (D:13)
  4 trolls
  2 polar bears
  7 wind drakes
  28 jumping spiders
  37 slime creatures
  A tengu simulacrum (Depths:3)
  6 snapping turtles
  A raiju (Abyss:2)
  21 blink frogs
  A frost giant simulacrum (Depths:2)
  11 hornets
  5 dream sheep (Lair:6)
  4 starcursed masses (Abyss:2)
  A ynoxinul (Depths:3)
  46 redbacks
  3 air elementals
  A tarantella (shapeshifter) (D:13)
  5 shadows
  23 tarantellas
  3 wraiths
  8 wyverns
  Eustachio (D:5)
  A basilisk (Lair:6)
  23 water elementals
  7 spriggans
  A vampire (D:8)
  58 yaks
  Grum (D:11)
  2 chaos spawn
  A golden eye (shapeshifter) (D:15)
  2 fire elementals (Elf:2)
  A neqoxec (Depths:3)
  6 vampire mosquitoes (D:13)
  3 small abominations (Abyss:2)
  A redback simulacrum (D:15)
  4 wargs
  7 steam dragons
  A swamp worm (shapeshifter) (D:15)
  4 nagas (Abyss:2)
  An acid dragon (D:14)
  A floating eye (Depths:4)
  23 water moccasins
  26 orc warriors
  An ettin simulacrum (Depths:2)
  3 sky beasts
  3 black bears
  4 necrophages
  25 centaurs
  2 boggarts (Vaults:4)
  10 ogres
  23 wolves
  A phantom (D:10)
  2 kobold brigands
  13 bullfrogs
  9 earth elementals
  2 scorpions (D:4)
  8 killer bees
  3 electric eels
  7 howler monkeys
  4 wights (D:8)
  2 centaur zombies
  20 orc priests
  A bullfrog skeleton (D:6)
  5 hounds
  Crazy Yiuf (D:5)
  2 centaur skeletons
  4 jellies
  2 iron imps
  3 iguanas
  Natasha (thrice) (D:3)
  28 orc wizards
  13 hell rats
  3 killer bee zombies
  8 ogre zombies (D:10)
  A hound skeleton (D:5)
  Robin (D:2)
  7 gnolls
  9 adders
  A white imp (D:6)
  4 dart slugs
  92 orcs
  3 bats
  7 endoplasms
  4 giant cockroaches
  10 hobgoblins
  7 jackals
  6 quokkas
  4 ball pythons
  5 frilled lizards
  21 goblins
  2 goblin skeletons (D:10)
  4 goblin zombies (D:10)
  A hobgoblin skeleton (D:10)
  A hobgoblin zombie (D:10)
  28 kobolds
  6 orc skeletons (D:10)
  11 orc zombies (D:10)
  6 rats
  3 fire vortices (Depths:3)
  5 tentacles
  2 toadstools (Depths:1)
1882 creatures vanquished.

Vanquished Creatures (collateral kills)
  2 daevas (Depths:2)
  An orc warlord (Bailey)
3 creatures vanquished.

Vanquished Creatures (others)
  Frederick (Depths:3)
  Nikola (Shoals:3)
  3 deep elf knights (Elf:2)
  A wizard (Vaults:2)
  A deep elf zephyrmancer (Elf:1)
  A tengu conjurer (WizLab)
  A hornet (D:11)
  A basilisk (Lair:6)
  An orc (Orc:2)
  A butterfly (D:6)
  A fire vortex (Depths:3)
  34 fungi
  158 plants
  4 starspawn tentacles (Abyss:2)
  5 tentacles
  2 toadstools (Depths:1)
  2 withered plants (Lair:1)
218 creatures vanquished.

Grand Total: 2103 creatures vanquished

Notes
Turn   | Place    | Note
-------+----------+-------------------------------------------
     0 | D:1      | EldarEldrad the Minotaur Berserker began the quest for the
                  | Orb.
     0 | D:1      | Reached XP level 1. HP: 19/19 MP: 0/0
   336 | D:1      | Reached XP level 2. HP: 27/27 MP: 1/1
   733 | D:1      | Reached XP level 3. HP: 31/33 MP: 2/2
  1456 | D:2      | Reached skill level 5 in Axes
  1536 | D:2      | Found a faded altar of an unknown god.
  1623 | D:2      | Reached ** piety under Trog
  1652 | D:2      | Found a hazy altar of Hepliaklqana.
  1671 | D:2      | Noticed Robin
  1698 | D:2      | Killed Robin
  1699 | D:2      | Reached XP level 4. HP: 31/41 MP: 3/3
  2366 | D:3      | Noticed Natasha
  2376 | D:3      | Killed Natasha
  2598 | D:3      | Reached XP level 5. HP: 41/47 MP: 4/4
  2733 | D:3      | Noticed Natasha
  2738 | D:3      | Reached skill level 5 in Fighting
  2753 | D:3      | Killed Natasha
  2899 | D:3      | Noticed Natasha
  2908 | D:3      | Killed Natasha
  3066 | D:3      | Reached XP level 6. HP: 56/56 MP: 5/5
  3495 | D:4      | Found a radiant altar of Vehumet.
  3554 | D:4      | Reached *** piety under Trog
  3615 | D:4      | Reached XP level 7. HP: 61/61 MP: 6/6
  3979 | D:4      | Reached skill level 3 in Armour
  4239 | D:4      | Found a staircase to the Ecumenical Temple.
  4440 | Temple   | Entered the Ecumenical Temple
  4682 | D:5      | Entered Level 5 of the Dungeon
  4694 | D:5      | Reached skill level 10 in Axes
  4771 | D:5      | Reached skill level 4 in Armour
  4908 | D:5      | Reached XP level 8. HP: 68/68 MP: 7/7
  5108 | D:5      | Reached skill level 5 in Armour
  5528 | D:5      | Found a runed translucent door.
  5529 | D:5      | Noticed Crazy Yiuf
  6092 | D:5      | Noticed Eustachio
  6098 | D:5      | Killed Eustachio
  6099 | D:5      | Reached skill level 6 in Armour
  6203 | D:5      | Killed Crazy Yiuf
  6527 | D:6      | Reached XP level 9. HP: 36/74 MP: 8/8
  6778 | D:6      | Reached **** piety under Trog
  6830 | D:6      | Reached skill level 7 in Armour
  7096 | D:6      | Found a white marble altar of Elyvilon.
  7384 | D:6      | Found a hide-covered altar of Uskayaw.
  7387 | D:6      | Found a stormy altar of Qazlal.
  7391 | D:6      | Found a burning altar of Makhleb.
  7393 | D:6      | Found an ornate altar of the Wu Jian Council.
  7394 | D:6      | Found an opulent altar of Gozag.
  7395 | D:6      | Found a sparkling altar of Nemelex Xobeh.
  7397 | D:6      | Found a shimmering altar of Xom.
  7398 | D:6      | Found a broken altar of Ashenzari.
  7399 | D:6      | Found a shadowy altar of Dithmenos.
  7851 | D:7      | Noticed a manticore
  8016 | D:7      | Killed a manticore
  8017 | D:7      | Reached skill level 8 in Armour
  8358 | D:7      | Found a sacrificial altar of Ru.
  9031 | D:8      | Reached skill level 9 in Armour
  9194 | D:8      | Reached XP level 10. HP: 81/81 MP: 9/9
  9208 | D:8      | Reached skill level 10 in Armour
  9525 | D:8      | Found Oloushru's Distillery.
  9554 | D:8      | Bought a potion of haste for 130 gold pieces
  9554 | D:8      | Bought a potion of brilliance for 52 gold pieces
  9554 | D:8      | Bought a potion of heal wounds for 65 gold pieces
  9554 | D:8      | Bought a potion of heal wounds for 65 gold pieces
  9554 | D:8      | Bought a potion of magic for 104 gold pieces
  9574 | D:8      | Reached skill level 11 in Armour
  9624 | D:8      | Found a shimmering blue altar of Sif Muna.
 10212 | D:9      | Reached skill level 12 in Armour
 10272 | D:9      | Noticed a two-headed ogre
 10282 | D:9      | Killed a two-headed ogre
 10283 | D:9      | Reached skill level 1 in Evocations
 10688 | D:9      | Noticed a gargoyle
 10702 | D:9      | Killed a gargoyle
 11536 | D:10     | Entered Level 10 of the Dungeon
 11655 | D:10     | Reached XP level 11. HP: 80/91 MP: 10/10
 11735 | D:10     | Found a staircase to the Lair.
 11867 | D:10     | Identified a scroll of acquirement
 11871 | D:10     | Acquired the ring "Coshyaso" {rC- Will+ Int+6 Dex+8}
 12000 | D:10     | Found a staircase to the Orcish Mines.
 12044 | D:10     | Reached ***** piety under Trog
 12277 | D:10     | Noticed a two-headed ogre
 12282 | D:10     | Killed a two-headed ogre
 12758 | Lair:1   | Entered Level 1 of the Lair of Beasts
 12805 | Lair:1   | Identified the +1 cloak "Niro" {Regen+ rCorr Dex-4 Slay+4}
 13132 | Lair:1   | Reached skill level 5 in Throwing
 13295 | Lair:1   | Reached skill level 1 in Shields
 13332 | Lair:1   | Identified the +2 broad axe of Moderation {vorpal, rElec
                  | rF+ Str+2} (Trog gifted it to you on level 1 of the Lair of
                  | Beasts)
 13332 | Lair:1   | Received a gift from Trog
 13404 | Lair:1   | Found a runed translucent door.
 13405 | Lair:1   | Noticed Toipt's ghost (journeyman PaBe)
 13512 | Lair:1   | Reached skill level 5 in Evocations
 13821 | Lair:2   | Found a hole to the Spider Nest.
 13827 | Lair:2   | Reached skill level 5 in Dodging
 13867 | Lair:2   | Noticed a five-headed hydra
 13875 | Lair:2   | Killed a five-headed hydra
 13967 | Lair:2   | Reached XP level 12. HP: 101/101 MP: 11/11
 13981 | Lair:2   | Noticed a death yak
 14012 | Lair:2   | Killed a death yak
 14237 | Lair:2   | Found a bloodstained altar of Trog.
 14370 | Lair:2   | Reached skill level 10 in Dodging
 14846 | Lair:3   | Noticed a six-headed hydra
 14857 | Lair:3   | Killed a six-headed hydra
 15402 | Lair:3   | Found a staircase to the Shoals.
 15764 | Lair:4   | Noticed a death yak
 15850 | Lair:4   | Killed a death yak
 15855 | Lair:4   | Noticed a death yak
 15863 | Lair:4   | Killed a death yak
 15863 | Lair:4   | Received a gift from Trog
 15870 | Lair:4   | Reached XP level 13. HP: 110/110 MP: 12/12
 15884 | Lair:4   | Reached skill level 15 in Axes
 15889 | Lair:4   | Found the +11 plutonium sword {Contam Stlth-}
 17141 | Lair:5   | Reached skill level 10 in Fighting
 17790 | Lair:6   | Entered Level 6 of the Lair of Beasts
 17793 | Lair:6   | Noticed Sonja
 17907 | Lair:6   | Killed Sonja
 18344 | Lair:6   | Reached ****** piety under Trog
 18558 | Lair:6   | Found a staircase to the Slime Pits.
 18686 | Lair:6   | Reached XP level 14. HP: 122/124 MP: 13/13
 18960 | Lair:6   | Received a gift from Trog
 19290 | Lair:1   | Killed Toipt's ghost
 19374 | D:11     | Found a radiant altar of Vehumet.
 19399 | D:11     | Noticed Nergalle
 19407 | D:11     | Killed Nergalle
 19540 | D:11     | Noticed Grum
 19551 | D:11     | Killed Grum
 19744 | D:11     | Identified the +6 dagger of Discord {vorpal, Str+3 Dex+4}
 19971 | D:8      | Bought a potion of heal wounds for 65 gold pieces
 19971 | D:8      | Bought a potion of might for 52 gold pieces
 19971 | D:8      | Bought a potion of might for 52 gold pieces
 19971 | D:8      | Bought a potion of resistance for 130 gold pieces
 20040 | Orc:1    | Entered Level 1 of the Orcish Mines
 20156 | Orc:1    | Found a flagged portal.
 20186 | Bailey   | Entered a bailey
 20267 | Bailey   | Noticed an orc warlord
 20345 | Bailey   | Found a runed translucent gate.
 20345 | Bailey   | Found a runed translucent gate.
 20353 | Bailey   | Found a runed translucent gate.
 20470 | Bailey   | Received a gift from Trog
 20472 | Bailey   | Killed an orc warlord
 20592 | Orc:1    | Found Goptoce's Antique Armour Shop.
 20914 | Orc:1    | Bought a glowing plate armour for 702 gold pieces
 20914 | Orc:1    | Bought a shiny plate armour for 702 gold pieces
 20959 | Orc:1    | Acquired a +1 hat
 20966 | Orc:1    | Reached XP level 15. HP: 132/132 MP: 14/14
 20968 | Orc:2    | Entered Level 2 of the Orcish Mines
 21100 | Orc:2    | Found Jesmoda's Magic Scroll Emporium.
 21125 | Orc:2    | Bought a scroll of holy word for 97 gold pieces
 21125 | Orc:2    | Bought a scroll of magic mapping for 45 gold pieces
 21125 | Orc:2    | Bought a scroll of teleportation for 39 gold pieces
 21125 | Orc:2    | Bought a scroll of teleportation for 39 gold pieces
 21125 | Orc:2    | Bought a scroll of teleportation for 39 gold pieces
 21368 | Orc:2    | Noticed an orc warlord
 21404 | Orc:2    | Killed an orc warlord
 21422 | Orc:2    | Gained mutation: You do not regenerate when monsters are
                  | visible. [a neqoxec]
 21456 | Orc:2    | Found Gozila's Jewellery Emporium.
 21472 | Orc:2    | Found a staircase to the Elven Halls.
 21546 | Orc:2    | Found Heimpu's Distillery.
 21562 | Orc:2    | Bought a potion of curing for 42 gold pieces
 21562 | Orc:2    | Bought a potion of might for 56 gold pieces
 21562 | Orc:2    | Bought 2 potions of heal wounds for 140 gold pieces
 21562 | Orc:2    | Bought a potion of curing for 42 gold pieces
 21719 | Orc:2    | Found Tocwinum's Armour Emporium.
 21762 | Orc:2    | Identified the +11 battleaxe "Jewniu" {vorpal, rElec rN+
                  | Will+} (Trog gifted it to you on level 2 of the Orcish
                  | Mines)
 21762 | Orc:2    | Received a gift from Trog
 21994 | Orc:2    | Reached skill level 13 in Armour
 22109 | Orc:2    | Found Urghyn's Weapon Boutique.
 22116 | Orc:2    | Found Plog's Book Boutique.
 22118 | Orc:2    | Found Poal's Assorted Antiques.
 22126 | Orc:2    | Bought an emerald potion for 31 gold pieces
 22421 | Spider:1 | Entered Level 1 of the Spider Nest
 22531 | Spider:1 | Found a transporter.
 22654 | Spider:1 | Gained mutation: You are dopey. (Int -2) [mutagenic glow]
 22741 | Spider:1 | Found a transporter.
 22745 | Spider:1 | Identified the ring "Hoomoek" {rCorr Str+9 Int-3 Dex+6
                  | Slay+3}
 22760 | Spider:1 | Identified the ring "Moabi" {rC+ AC+4 Str-5 Dex+4}
 22763 | Spider:1 | Identified the ring "Hirier" {Wiz Str+4}
 22818 | Spider:1 | Reached XP level 16. HP: 127/139 MP: 15/15
 22878 | Spider:1 | Reached skill level 14 in Armour
 23151 | Spider:1 | Lost mutation: You are dopey. (Int -2) [potion of mutation]
 23151 | Spider:1 | Lost mutation: You do not regenerate when monsters are
                  | visible. [potion of mutation]
 23151 | Spider:1 | Gained mutation: You are agile. (Dex +2) [potion of
                  | mutation]
 23151 | Spider:1 | Gained mutation: You have a pair of large horns on your
                  | head. [potion of mutation]
 23306 | Spider:2 | Reached skill level 15 in Armour
 23334 | Spider:2 | Received a gift from Trog
 24099 | Spider:3 | Reached skill level 10 in Shields
 24189 | Spider:3 | Identified the +3 hand crossbow of the Final Decision
                  | {vorpal, rPois rC+}
 24217 | Spider:3 | Identified the +2 kite shield of Tealia {Str+4}
 24217 | Spider:3 | Noticed Donald
 24237 | Spider:3 | Killed Donald
 24351 | Spider:3 | Identified the +6 hand crossbow of Upheaval {flame, Dex+4}
 24780 | Spider:3 | Received a gift from Trog
 25012 | Spider:4 | Entered Level 4 of the Spider Nest
 25021 | Spider:4 | Identified Roxanne's Catalogue of Moulding
 25021 | Spider:4 | Noticed Roxanne
 25158 | Spider:4 | Killed Roxanne
 25215 | Spider:4 | Identified the ring "Ydaill" {+Blink rF+ Will+ AC+4 Str-2}
 25217 | Spider:4 | Noticed Arachne
 25231 | Spider:4 | Killed Arachne
 25587 | Spider:4 | Reached XP level 17. HP: 118/151 MP: 16/16
 25853 | Spider:4 | Lost intelligence.
 25975 | Spider:4 | Got a gossamer rune of Zot
 26393 | D:12     | Found a runed translucent door.
 26393 | D:12     | Noticed Bapho's ghost (journeyman KoBe)
 26496 | D:12     | Received a gift from Trog
 26784 | D:12     | Killed Bapho's ghost
 27104 | D:13     | Noticed Rupert
 27118 | D:13     | Killed Rupert
 27204 | D:13     | Found Igalayn's Assorted Antiques.
 27260 | D:13     | Noticed Snorg
 27271 | D:13     | Killed Snorg
 27359 | D:13     | Identified the +4 scale mail "Hogesoel" {rPois Will+ Int-2
                  | Dex+2}
 27400 | D:13     | Found a gate to the Vaults.
 27405 | D:13     | Reached skill level 15 in Fighting
 27426 | D:13     | Reached skill level 15 in Shields
 27884 | Orc:2    | Bought a scroll of acquirement for 676 gold pieces
 27884 | Orc:2    | Acquired 628 gold pieces
 28833 | D:15     | Entered Level 15 of the Dungeon
 28929 | D:15     | Received a gift from Trog
 29041 | D:15     | Found a hide-covered altar of Uskayaw.
 29280 | D:15     | Found a staircase to the Depths.
 29766 | Shoals:1 | Entered Level 1 of the Shoals
 29783 | Shoals:1 | Reached skill level 10 in Evocations
 29960 | Shoals:1 | Reached XP level 18. HP: 154/163 MP: 17/17
 31733 | Shoals:3 | Found Lemavvet's Antique Armour Boutique.
 31810 | Shoals:3 | Noticed Polyphemus
 31823 | Shoals:3 | Killed Polyphemus
 31878 | Shoals:3 | Noticed Nikola
 32017 | Shoals:3 | Killed Nikola
 32085 | Shoals:3 | Noticed Mara
 32096 | Shoals:3 | Noticed EldarEldrad's illusion
 32104 | Shoals:3 | Killed Mara
 32105 | Shoals:3 | Reached skill level 16 in Armour
 32235 | Shoals:3 | Found Roatuisch's General Store.
 32245 | Shoals:3 | Found Tano's Weapon Boutique.
 32248 | Shoals:3 | Found Busket's Weapon Shoppe.
 32405 | Shoals:3 | Noticed Ilsuiw
 32443 | Shoals:3 | Killed Ilsuiw
 33029 | Shoals:3 | Upgraded the game from 0.27-a0-1188-g73eefd5def to
                  | 0.27-a0-1189-gb8eb6cee8e
 33030 | Shoals:4 | Entered Level 4 of the Shoals
 33623 | Shoals:4 | Identified the +8 rapier "Demon's Curse" {venom, rN+}
 33671 | Shoals:4 | Reached skill level 15 in Dodging
 33714 | Shoals:4 | Noticed Aizul
 33733 | Shoals:4 | Killed Aizul
 34021 | Shoals:4 | Reached skill level 17 in Armour
 34036 | Shoals:4 | Identified the +1 chain mail of Vehumet's Envy {rCorr}
 34082 | Shoals:4 | Received a gift from Trog
 34350 | Shoals:4 | Got a barnacled rune of Zot
 34485 | Shoals:4 | Reached XP level 19. HP: 170/170 MP: 18/18
 34526 | Shoals:4 | Identified Sif Muna's Guide on Freezing Stones
 35038 | Vaults:1 | Entered Level 1 of the Vaults
 35055 | Vaults:1 | Reached skill level 18 in Armour
 35456 | Vaults:1 | Found Diecw's General Store.
 35467 | Vaults:1 | Received a gift from Trog
 35945 | Vaults:1 | Bought a scroll of fear for 49 gold pieces
 35945 | Vaults:1 | Bought a potion of curing for 42 gold pieces
 36550 | Vaults:2 | Received a gift from Trog
 36745 | Vaults:2 | Found a staircase to the Crypt.
 36745 | Vaults:2 | Found a basalt altar of Yredelemnul.
 36746 | Vaults:2 | Found an ancient bone altar of Kikubaaqudgha.
 37346 | Vaults:2 | Reached XP level 20. HP: 187/187 MP: 19/19
 37788 | Vaults:3 | Found Qessor's Book Boutique.
 38153 | Vaults:3 | Received a gift from Trog
 39600 | Vaults:4 | Reached skill level 15 in Evocations
 39815 | Vaults:4 | Identified the +6 battleaxe "Siups" {vorpal, rElec rC+}
                  | (Trog gifted it to you on level 4 of the Vaults)
 39815 | Vaults:4 | Received a gift from Trog
 40149 | Vaults:4 | Identified the Disquisition on the Entourage
 40448 | Depths:1 | Entered Level 1 of the Depths
 40448 | Depths:1 | Found a gateway to Hell.
 40581 | Depths:1 | Reached XP level 21. HP: 133/194 MP: 20/20
 40615 | Depths:1 | Reached skill level 19 in Armour
 40639 | Depths:1 | Found a bloodstained altar of Trog.
 41191 | Depths:1 | Noticed Bai Suzhen
 41204 | Depths:1 | Killed Bai Suzhen
 41416 | Depths:1 | Acquired an amulet of reflection
 41463 | Depths:1 | Received a gift from Trog
 41663 | Depths:2 | Reached skill level 20 in Armour
 41914 | Depths:2 | Found a gateway to a ziggurat.
 42554 | Depths:2 | Received a gift from Trog
 42977 | Depths:2 | Reached skill level 21 in Armour
 43766 | Depths:3 | Reached XP level 22. HP: 202/202 MP: 21/21
 44061 | Depths:3 | Gained mutation: Potions are less effective at restoring
                  | your health. [a neqoxec]
 44078 | Depths:3 | Found a one-way gate leading to the halls of Pandemonium.
 44191 | Depths:3 | Reached XP level 23. HP: 210/210 MP: 22/22
 44451 | Depths:3 | Found a radiant altar of Vehumet.
 44451 | Depths:3 | Noticed Frederick
 44464 | Depths:3 | Killed Frederick
 44906 | Depths:4 | Noticed the Enchantress
 44912 | Depths:3 | Received a gift from Trog
 44931 | Depths:3 | Cast into level 2 of the Abyss (the Enchantress)
 44997 | Abyss:2  | Found a corrupted altar of Lugonu.
 45227 | Depths:3 | Escaped the Abyss
 45245 | Depths:3 | Killed the Enchantress
 45812 | Depths:4 | Received a gift from Trog
 45902 | Depths:4 | Noticed a caustic shrike
 45907 | Depths:4 | Identified the amulet "Ruaggoigugg" {Spirit Int+3}
 45914 | Depths:4 | Killed a caustic shrike
 46042 | Depths:4 | Identified the +3 leather armour of a Million Seas {rElec
                  | Str-3 Dex+5}
 46042 | Depths:4 | Identified the Disquisition on Conjuration
 46044 | Depths:4 | Identified Jaiveo's Volume of Unholy Rites and Enchantment
 46659 | Depths:4 | Found a stormy altar of Qazlal.
 46663 | Depths:4 | Paralysed by a floating eye for 2 turns
 46805 | Depths:4 | Found a one-way gate to the infinite horrors of the Abyss.
 47012 | Depths:5 | Entered Level 5 of the Depths
 47116 | Depths:5 | Reached XP level 24. HP: 190/206 MP: 22/22
 47231 | Depths:5 | Noticed a juggernaut
 47239 | Depths:5 | Noticed a juggernaut
 47248 | Depths:5 | Killed a juggernaut
 47260 | Depths:5 | Killed a juggernaut
 47365 | Depths:5 | Found an ornate altar of the Wu Jian Council.
 47557 | Depths:5 | Reached skill level 22 in Armour
 47612 | Depths:5 | Received a gift from Trog
 47887 | Depths:5 | Found a gate to the Realm of Zot.
 48681 | Orc:2    | Bought a scroll of acquirement for 1820 gold pieces
 48681 | Orc:2    | Bought a scroll of teleportation for 105 gold pieces
 48682 | Orc:2    | Acquired 774 gold pieces
 48797 | Orc:2    | Bought a scroll of enchant weapon for 97 gold pieces
 48797 | Orc:2    | Bought a scroll of fog for 26 gold pieces
 48797 | Orc:2    | Bought a scroll of enchant armour for 97 gold pieces
 48797 | Orc:2    | Bought a scroll of enchant armour for 97 gold pieces
 48857 | Elf:1    | Entered Level 1 of the Elven Halls
 49081 | Elf:1    | Noticed Louise
 49081 | Elf:1    | Noticed Agnes
 49093 | Elf:1    | Killed Agnes
 49125 | Elf:1    | Killed Louise
 49171 | Elf:1    | Found Ogiume's Distillery.
 49177 | Elf:1    | Bought a potion of mutation for 104 gold pieces
 49177 | Elf:1    | Bought a potion of mutation for 104 gold pieces
 49177 | Elf:1    | Bought a potion of heal wounds for 65 gold pieces
 49204 | Elf:1    | Noticed Frances
 49213 | Elf:1    | Killed Frances
 49413 | Elf:1    | Identified the +8 great sword of Bauwocerph {vamp, rF+}
 49441 | Elf:1    | Received a gift from Trog
 49475 | Elf:1    | Found a runed translucent gate.
 49475 | Elf:1    | Found a runed translucent gate.
 49475 | Elf:1    | Found a runed translucent gate.
 49475 | Elf:1    | Found a runed translucent gate.
 49475 | Elf:1    | Found a runed translucent gate.
 49477 | Elf:1    | Found a runed translucent gate.
 49530 | Elf:1    | Reached skill level 23 in Armour
 49878 | Elf:2    | Received a gift from Trog
 50073 | Elf:2    | Found Lavvuc's Assorted Antiques.
 50081 | Elf:2    | Bought a potion of heal wounds for 165 gold pieces
 50081 | Elf:2    | Bought a scroll of teleportation for 99 gold pieces
 50081 | Elf:2    | Bought a scroll of fear for 115 gold pieces
 50094 | Elf:2    | Found a magical portal.
 50102 | WizLab   | Entered Iskenderun's Mystic Tower
 50704 | WizLab   | Received a gift from Trog
 50715 | WizLab   | Identified the Compendium of Dark Venom
 50732 | WizLab   | Identified the +0 leather armour of the Manifold Friars
                  | {*Corrode rF++}
 50746 | WizLab   | Identified Iskenderun's Handbook of Combat Magic
 50746 | WizLab   | Identified Iskenderun's Catalogue of Confrontation
 50915 | Elf:2    | Found a runed translucent gate.
 50915 | Elf:2    | Found a runed translucent gate.
 50916 | Elf:2    | Found a runed translucent gate.
 51218 | Elf:2    | Reached skill level 24 in Armour
 51218 | Elf:2    | Reached XP level 25. HP: 221/231 MP: 22/22
 51579 | Elf:3    | Entered Level 3 of the Elven Halls
 51633 | Elf:3    | Found a runed translucent gate.
 51666 | Elf:3    | Found a runed translucent gate.
 51666 | Elf:3    | Found a runed translucent gate.
 51666 | Elf:3    | Noticed Tijoc's ghost (journeyman FeWn)
 51666 | Elf:3    | Identified the +10 plate armour of a ziggurat {Regen+
                  | rCorr}
 52243 | Elf:3    | Found an iron altar of Okawaru.
 52296 | Elf:3    | Killed Tijoc's ghost
 52651 | Elf:3    | Identified the +2 war axe of the Screaming Lamprey {flame,
                  | +Rage rPois rCorr Dex+4}
 52651 | Elf:3    | Identified the ring of Fasium {Ice +Blink Str+2 Int-3}
 52682 | Elf:3    | Identified the +4 hand axe of Law {vorpal, rElec Int-3
                  | SInv} (Trog gifted it to you on level 3 of the Elven Halls)
 52682 | Elf:3    | Received a gift from Trog
 52754 | Elf:3    | Identified the +5 scimitar of Upheaval {elec, Stlth+}
 52764 | Elf:3    | Identified the +8 scimitar "Sicruhip" {drain, rPois rC+
                  | Str+3 Dex-3}
 52859 | Elf:3    | Mangled by an Ice Fiend

Illustrated notes

Levels and vault maps discovered:
D:1:      lightli_arrival_windingriver, layout_loops_ring
D:2:      layout_rooms, basic_altar, serial_rivers,
          chequers_serial_rivers_small_3, chequers_serial_rivers_room_b,
          chequers_serial_rivers_large_b, chequers_serial_rivers_micro_c,
          chequers_serial_rivers_micro_a, hellmonk_ecumenical_altar_zigzags,
          minmay_tromino_i2, uniq_robin
D:3:      layout_basic, minmay_statues_item, minmay_three_crescents,
          uniq_natasha
D:4:      layout_basic, kennysheep_mini, minmay_temple_entry_purple_smoke,
          chequers_garden, grunt_ministairs_2, mrwooster_statue_mirror
D:5:      layout_basic, grunt_decor_cap, chequers_serial_rivers_room_a,
          uniq_eustachio, uniq_crazy_yiuf_cottage
D:6:      layout_basic, minitemple, nicolae_elyvilon_peaceful_grove
D:7:      layout_basic, marbit_many_paths, grunt_decor_one_mirror
D:8:      layout_basic, overflow_temple_1_default, serial_shops,
          nicolae_shop_stone, kennysheep_generic_room_15
D:9:      layout_irregular_city
D:10:     layout_basic, lair_entry_dummy, zombieorc2_lemuel, minmay_fountain_box
D:11:     layout_rooms, fiery_altar_vehumet, uniq_nergalle, uniq_grum
D:12:     layout_rooms, hellmonk_ghost_happy_afterlife, minmay_door_square
D:13:     minmay_inside_and_out, layout_irregular_city, erik_vaults_1,
          serial_shops, shop, uniq_snorg, uniq_rupert
D:14:     layout_gridville, chequers_serial_rivers_marsh
D:15:     gammafunk_enter_depths_forms, layout_loops_cross,
          nicolae_uskayaw_en_pointe
Temple:   jpeg_temple_island
Lair:1:   layout_chaotic_city, gammafunk_ghost_grave,
          chequers_serial_rivers_large_a, serial_bayou_shore_b
Lair:2:   layout_loops_ring, spider_nest_entry_rubble, basic_altar,
          grunt_megastairs_1
Lair:3:   layout_cave_pods, minmay_shoals_entry_hut, st_stairs_9
Lair:4:   nzn_winding_woodlands_cross [nzn_winding_woodlands_5x15_concentric,
          nzn_winding_woodlands_5x15_sidewinder,
          nzn_winding_woodlands_5x15_pockets,
          nzn_winding_woodlands_5x15_split_checker,
          nzn_winding_woodlands_15x15_five_gardens], layout_small_grid,
          beast_lair_carwin_2, serial_bayou_shore_a
Lair:5:   layout_regular_city, grunt_megastairs_3
Lair:6:   hangedman_lair_in_review, layout_regular_city,
          nicolae_slime_entry_slimehenge, st_stairs_9,
          infiniplex_staircase_pool_2, uniq_sonja
Shoals:1: layout_shoals, nicolae_shoals_seven_spires
Shoals:2: layout_shoals, nicolae_shoals_drake_roost
Shoals:3: layout_shoals, serial_shops, shop, shop, shop,
          nicolae_shop_behind_doors, uniq_polyphemus, uniq_nikola, uniq_ilsuiw,
          uniq_mara
Shoals:4: shoals_end_simple, layout_shoals, uniq_aizul
Spider:1: gammafunk_its_a_trap, drop_trap, nicolae_crawler_farm
Spider:2: layout_spider_delve, nicolae_spider_nooks_and_crannies,
          hangedman_spider_tarantella_strand
Spider:3: layout_spider_delve, nicolae_spider_webs_and_nodes, drop_trap,
          uniq_donald
Spider:4: grunt_spider_rune_circles, nicolae_spider_cling_ruins, uniq_arachne,
          uniq_roxanne
Orc:1:    layout_caves, enter_bailey_5, serial_shops, shop, mines1_david
Orc:2:    st_orc_elflike, layout_diamond_mine, serial_shops, shop, shop,
          nicolae_shop_waterfront, mines3_lemuel
Elf:1:    layout_rooms, serial_shops, nicolae_shop_statue_plus, orc_legates,
          sword_in_stone, uniq_frances
Elf:2:    layout_rooms, mu_enter_wizlab_6, serial_shops,
          nicolae_shop_temple_entry_statues_fountains
Elf:3:    grunt_elf_hall_asides, layout_geoelf_castle,
          gammafunk_ghost_fury_of_okawaru
Vaults:1: v_rooms_3, v_misc_24, v_misc_4, vaults_room_ringed_pool,
          nicolae_vaults_ninety_degrees, v_misc_2, vaults_room_fancy_cross,
          v_rooms_1, hangedman_vaults_corner_blocks, v_misc_18,
          layout_vaults_omnicross, serial_shops, nicolae_shop_statue_plus
Vaults:2: vaults_room_corners, v_pattern_2, minmay_crypt_entry_necro_gods,
          ontoclasm_vaults_gateway, vaults_room_semicircle,
          nicolae_vaults_twisting_passages, kb_rosetta, v_misc_3,
          hangedman_vaults_restitches, v_misc_33, layout_vaults_big_room
Vaults:3: hangedman_vaults_river_flow, vaults_mumra_minichess_inversion,
          hangedman_vaults_hat, v_alt_pattern_5, v_misc_13, v_misc_1,
          ontoclasm_vaults_pinch, nicolae_vaults_asterisk,
          vaults_room_guarded_vault, ontoclasm_vaults_twist,
          layout_vaults_omnibox, serial_shops, shop
Vaults:4: hangedman_vaults_snaps, vaults_room_boxed, vaults_dpeg_hooks,
          nicolae_vaults_angled_halls, vaults_room_octagon,
          nicolae_vaults_little_squares_4, ontoclasm_vaults_idyll,
          nicolae_vaults_rhombus_5, vaults_mumra_hexcomb, v_misc_5,
          vaults_room_stairs_pillars, layout_vaults_omnigrid,
          serial_hangedman_research, hangedman_research_convocations
Depths:1: layout_cave_pools, hell_entry, trog_three_pillars_becter,
          minmay_gold_behind_fungi, moated_statue, serial_bayou_ford_a,
          st_stairs_9, kennysheep_path_1, serial_bayou_crossing, uniq_bai_suzhen
Depths:2: minmay_mutant_horseshoe, layout_gridlike, enter_ziggurat_d,
          grunt_mini_vestibule, minmay_staircase_statues,
          minmay_misc_feat_columns, hangedman_cracks_in_the_wall
Depths:3: evilmike_halls_of_destruction, layout_gridlike, hell_entry,
          grunt_pan_entry_in_and_out, roderic_lattice_octagonal_star,
          infiniplex_staircase_diamond
Depths:4: minmay_the_grid_triangle_9x9_rhombus_full
          [minmay_the_grid_triangle_9x9_from_above,
          minmay_the_grid_triangle_9x9_sparse_checkered,
          minmay_the_grid_triangle_9x9_descending_squares,
          minmay_the_grid_triangle_9x9_negative_grid,
          minmay_the_grid_triangle_9x9_pentomino_pain,
          minmay_the_grid_triangle_9x9_limited_checkers,
          minmay_the_grid_triangle_9x9_warning,
          minmay_the_grid_triangle_9x9_prize_top_heavy], layout_gridlike,
          pan_entry, hell_entry, serial_sigils, serial_sigils_hangedman_leer,
          serial_sigils_hangedman_shear, serial_sigils_hangedman_gut,
          serial_sigils_hangedman_stare, serial_sigils_hangedman_snap,
          nicolae_qazlal_style_of_elements, abyss_entry, uniq_enchantress
Depths:5: grunt_zot_entry_pinwheel, layout_gridlike, nzn_wu_jian_contemplation,
          pf_hell_entry_great_geh, infiniplex_staircase_pool_lava

Skill      XL: |  1  2  3  4  5  6  7  8  9 10 11 12 13 14 15 16 17 18 19 20 21 22 23 24 25 |
---------------+----------------------------------------------------------------------------+-----
Axes           | 4 5 6 7 9 10 12 14 17 18 20 | 20.5
Fighting       | 4 5 6 8 11 12 13 15 18 20 21 | 21.3
Armour         | 4 6 9 12 13 15 17 18 21 24 | 24.0
Throwing       | 3 5 |  5.0
Evocations     | 3 5 6 10 12 15 | 15.0
Shields        | 4 7 12 15 | 15.0
Dodging        | 7 12 15 17 18 20 21 | 21.9

Action                   |  1- 3 |  4- 6 |  7- 9 | 10-12 | 13-15 | 16-18 | 19-21 | 22-24 | 25-27 || total
-------------------------+-------+-------+-------+-------+-------+-------+-------+-------+-------++-------
Melee: Hand axe          |    86 |   128 |    88 |       |       |       |       |       |       ||   302
       Headbutt          |     9 |    19 |    61 |   164 |   220 |   446 |   568 |   422 |    82 ||  1991
       War axe           |       |       |   237 |   420 |       |       |       |       |       ||   657
       Broad axe         |       |       |       |   227 |   643 |  1318 |  1371 |  1165 |   216 ||  4940
       Mace              |       |       |       |    10 |   112 |    27 |       |       |       ||   149
Invok: Berserk           |     1 |       |     3 |     4 |     2 |     3 |       |     1 |       ||    14
       Trog's Hand       |       |     1 |     4 |     7 |     7 |    12 |     6 |    10 |     1 ||    48
       Brothers in Arms  |       |       |       |       |     1 |       |     1 |     1 |       ||     3
 Abil: Evoke Blink       |       |       |       |       |       |       |     1 |       |       ||     1
Evoke: Wand              |       |       |       |       |     2 |     8 |     1 |     4 |       ||    15
  Use: Scroll            |       |     6 |     6 |     9 |     5 |     7 |     2 |     1 |     1 ||    37
       Potion            |       |       |       |       |     1 |     2 |       |     1 |     1 ||     5
 Stab: Petrified         |       |       |       |       |       |       |     2 |       |       ||     2
       Distracted        |       |       |       |       |       |       |       |     1 |       ||     1
Armor: Animal skin       |    14 |     1 |       |       |       |       |       |       |       ||    15
       Leather armour    |       |     8 |       |       |       |       |       |       |       ||     8
       Ring mail         |       |    37 |    82 |       |       |       |       |       |       ||   119
       Scale mail        |       |       |    19 |    42 |       |       |       |       |       ||    61
       Plate armour      |       |       |       |   177 |   258 |   550 |   329 |   228 |    36 ||  1578
Dodge: Dodged            |    38 |    48 |   121 |   277 |   448 |   770 |   464 |   356 |    85 ||  2607
Block: Buckler           |       |       |       |    41 |   219 |   126 |       |       |       ||   386
       Kite shield       |       |       |       |       |       |   831 |   787 |   828 |   168 ||  2614
       Reflection        |       |       |       |       |       |       |     2 |    51 |    18 ||    71

Table legend: (Time is in decaauts)
 A = Elapsed time spent in this place.
 B = Non-inter-level travel time spent in this place.
 C = Inter-level travel time spent in this place.
 D = Time resting spent in this place.
 E = Time spent auto-exploring this place.
 F = Levels seen in this place.
 G = Mean time per level.
                   A        B        C        D        E       F      G
               +--------+--------+--------+--------+--------+-----+--------+
         Total |  51989 |  48617 |   3372 |   6021 |  29202 |  47 | 1106.1 |
       Dungeon |  17097 |  15839 |   1258 |   2817 |   9965 |  15 | 1139.8 |
        Temple |    263 |    242 |     21 |      0 |    240 |   1 |  263.0 |
          Lair |   6763 |   6267 |    496 |    293 |   4377 |   6 | 1127.2 |
        Shoals |   5236 |   5100 |    136 |    566 |   3294 |   4 | 1309.0 |
   Spider Nest |   3547 |   3376 |    171 |    598 |   1647 |   4 |  886.8 |
  Orcish Mines |   2169 |   1794 |    375 |     56 |   1070 |   2 | 1084.5 |
   Elven Halls |   3172 |   3059 |    113 |    264 |   1588 |   3 | 1057.3 |
        Vaults |   5098 |   4672 |    426 |    192 |   3252 |   4 | 1274.5 |
        Depths |   7341 |   6968 |    373 |   1097 |   3622 |   5 | 1468.2 |
         Abyss |    274 |    274 |      0 |      3 |    124 |   1 |  274.0 |
        Bailey |    389 |    389 |      0 |     18 |     20 |   1 |  389.0 |
        Wizlab |    636 |    636 |      0 |    116 |      0 |   1 |  636.0 |
               +--------+--------+--------+--------+--------+-----+--------+

Top non-repeatable levels by time:
Depths:3: 1904 daAuts
     D:6: 1695 daAuts
Shoals:4: 1662 daAuts
     D:5: 1617 daAuts
Depths:2: 1609 daAuts
   Orc:2: 1565 daAuts
Depths:4: 1511 daAuts
  Lair:4: 1487 daAuts
Shoals:3: 1487 daAuts
    D:10: 1485 daAuts
Vaults:1: 1478 daAuts
     D:9: 1468 daAuts
     D:2: 1448 daAuts
Vaults:4: 1384 daAuts
Depths:5: 1274 daAuts
